 Dungeon Crawl Stone Soup version 0.25.1-2-g60ff931df9 (webtiles) character file.

Game seed: 555112443684202968

35 Acheron the Charlatan (level 3, -1/20 HPs)
             Began as a Kobold Artificer on Aug 26, 2020.
             Slain by a hobgoblin
             ... wielding a cursed +0 club
              (4 damage)
             ... on level 2 of the Dungeon.
             The game lasted 00:04:24 (1259 turns).

Acheron the Charlatan (Kobold Artificer)            Turns: 1259, Time: 00:04:24

Health: -1/20      AC:  7    Str: 10    XL:     3   Next: 52%
Magic:  6/6        EV: 11    Int: 12    God:
Gold:   78         SH:  0    Dex: 15    Spells: 2/2 levels left

rFire    . . .     SeeInvis .   a - +0 short sword
rCold    . . .     Gourm    .   (shield restricted)
rNeg     . . .     Faith    .   h - +0 scale mail
rPois    .         Spirit   .   (no helmet)
rElec    .         Reflect  .   j - +0 cloak
rCorr    .         Harm     .   (no gloves)
MR       .....                  (no boots)
Stlth    +.........             (no amulet)
HPRegen  0.06/turn              (no ring)
MPRegen  0.10/turn              (no ring)

@: no status effects
A: small, carnivore
a: no special abilities


You were on level 2 of the Dungeon.
You were very full.

You visited 1 branch of the dungeon, and saw 2 of its levels.

You collected 78 gold pieces.

Inventory:

Hand Weapons
 a - a +0 short sword (weapon)
Missiles
 k - 13 stones (quivered)
Armour
 b - a +0 leather armour
 h - a +0 scale mail (worn)
 j - a +0 cloak (worn)
 o - a +3 ring mail
Wands
 c - a wand of flame (15)
 d - a wand of enslavement (15)
 e - a wand of random effects (15)
Scrolls
 i - a scroll of teleportation {unknown}
Potions
 g - a potion of resistance {unknown}
 l - 3 potions of curing
 m - a potion of stabbing {unknown}
 n - a potion of degeneration {unknown}
Comestibles
 f - 6 rations


   Skills:
 * Level 1.3 Fighting
 * Level 2.0 Short Blades
 * Level 0.3 Throwing
 * Level 0.2 Armour
 + Level 2.7 Dodging
 * Level 1.9 Stealth
 + Level 4.4 Evocations


You had 2 spell levels left.
You didn't know any spells.
Your spell library was empty.

Dungeon Overview and Level Annotations

Branches:
Dungeon (2/15)

Altars:
Ashenzari


Innate Abilities, Weirdness & Mutations

You are small and have problems with some larger weapons.
You are carnivorous and can eat meat at any time.


Message History

The hobgoblin is almost dead.
The hobgoblin hits you with a cursed +0 club.
* * * LOW HITPOINT WARNING * * *
The goblin barely misses you.
You closely miss the hobgoblin.
The hobgoblin is almost dead.
The hobgoblin closely misses you. The goblin hits you but does no damage.
The hobgoblin hits you with a cursed +0 club.
* * * LOW HITPOINT WARNING * * *
You hit the hobgoblin but do no damage.
The hobgoblin is almost dead.
You barely miss the hobgoblin.
The hobgoblin is almost dead.
The hobgoblin hits you but does no damage.
The goblin barely misses you.
Found a ration.
You hit the hobgoblin but do no damage.
The hobgoblin is almost dead.
The hobgoblin hits you with a cursed +0 club.
You die...

#.# ##... #.# #...
#.# #.. ## #.##
#.### #. ...#
####...##. ...#
#.....#.. ## ...#
#....##(###.# ...#
#....##gg#%.#
...#####..##..##@.#
..........##)##.###
########...#..#.
#....##.. #......##
###..... #......
####... ##


You could see a hobgoblin and a goblin.

Vanquished Creatures
  2 oozes
  A leopard gecko (D:1)
  A ball python (D:1)
  3 giant cockroaches
  4 goblins (D:1)
  3 hobgoblins
  2 kobolds (D:1)
  3 bats
  2 frilled lizards (D:1)
  A rat (D:1)
22 creatures vanquished.

Notes
Turn   | Place    | Note
-------+----------+-------------------------------------------
     0 | D:1      | Acheron the Kobold Artificer began the quest for the Orb.
     0 | D:1      | Reached XP level 1. HP: 12/12 MP: 3/3
   123 | D:2      | Reached skill level 4 in Evocations
   123 | D:2      | Reached XP level 2. HP: 13/16 MP: 5/5
   321 | D:1      | Found a shattered altar of Ashenzari.
   475 | D:1      | Reached XP level 3. HP: 20/20 MP: 6/6
  1259 | D:2      | Slain by a hobgoblin

Illustrated notes

Levels and vault maps discovered:
D:1:      heliophobic_arrival_battle_scene, layout_loops_corners,
          chequers_serial_rivers_micro_b, evilmike_ruin_ashenzari
D:2:      layout_basic, first_ration, hangedman_decor_push,
          minmay_pentomino_pile

Skill      XL: |  1  2  3 |
---------------+----------+-----
Evocations     | 4 |  4.4
Short Blades   | 2 |  2.0
Fighting       | |  1.3
Throwing       | |  0.3
Armour         | |  0.2
Dodging        | |  2.7
Stealth        | |  1.9

Action                   || total
-------------------------++-------
Melee: Short sword       ||   117
  Use: Scroll            ||     3
  Eat: Chunk             ||     9
Armor: Scale mail        ||    49
       Leather armour    ||     1
Dodge: Dodged            ||    70
